 Dungeon Crawl Stone Soup version 0.27.1-34-g3ba077fa99 (webtiles) character file.

Game seed: 13176987421576101590

51 Thatpatchoflichen the Chiller (level 4, 0/25 HPs)
             Began as a Kobold Ice Elementalist on Jan 20, 2022.
             Slain by a gnoll (6 damage)
             ... on level 2 of the Dungeon.
             The game lasted 00:07:37 (2674 turns).

Thatpatchoflichen the Chiller (KoIE)                Turns: 2674, Time: 00:07:37

Health: 0/25       AC:  3    Str:  5    XL:     4   Next: 5%
Magic:  7/7        EV: 14    Int: 17    God:
Gold:   44         SH:  0    Dex: 15    Spells: 6/7 levels left

rFire    . . .     SeeInvis .   k - +0 short sword
rCold    . . .     Faith    .   (shield restricted)
rNeg     . . .     Spirit   .   l - +0 leather armour
rPois    .         Reflect  .   (no helmet)
rElec    .         Harm     .   (no cloak)
rCorr    .         Rampage  .   (no gloves)
Will     .....                  (no boots)
Stlth    +++.......             (no amulet)
HPRegen  0.08/turn              (no ring)
MPRegen  0.10/turn              (no ring)

@: no status effects
A: small, no large weapons, nightstalker 3
a: no special abilities


You were on level 2 of the Dungeon.
You visited 1 branch of the dungeon, and saw 2 of its levels.

You collected 44 gold pieces.

Inventory:

Hand Weapons
 k - a +0 short sword (weapon)
Armour
 a - a +0 robe
 e - a +0 ring mail
 l - a +0 leather armour (worn)
Scrolls
 b - a scroll of enchant armour {unknown}
 d - a scroll of fog {unknown}
 h - a scroll of identify {unknown}
 i - a scroll of amnesia {unknown}
 j - a scroll of teleportation {unknown}
Potions
 c - a potion of haste {unknown}
 f - a potion of heal wounds {unknown}
 g - a potion of degeneration {unknown}


   Skills:
 + Level 1.2 Fighting
 - Level 1.2 Short Blades
 + Level 2.6 Dodging
 + Level 2.8 Stealth
 + Level 2.4 Spellcasting
 + Level 4.7 Ice Magic


You had 6 spell levels left.
You knew the following spells:

 Your Spells              Type           Power      Damage    Failure   Level
a - Freeze                Ice            72%        1d9       4%          1

Your spell library contained the following spells:

 Spells                   Type           Power      Damage    Failure   Level
 Frozen Ramparts          Ice            36%        1d5       14%         3
 Ozocubu's Armour         Ice            18%        N/A       14%         3
 Hailstorm                Conj/Ice       10%        3d5       75%         4


Dungeon Overview and Level Annotations

Branches:
Dungeon (2/15)

Altars:
Beogh

Shops:
D:2 (


Innate Abilities, Weirdness & Mutations

You are small and have problems with some larger weapons.
You are completely attuned to the shadows.


Message History

The goblin is moderately wounded.
The goblin completely misses you.
You hit the goblin.
The goblin is severely wounded.
The goblin hits you but does no damage. The goblin hits you with a +0 club.
You miss the goblin.
The goblin is heavily wounded.
The gnoll completely misses you. The goblin hits you with a +0 club.
The goblin barely misses you.
You hit the goblin.
You kill the goblin!
The gnoll barely misses you.
A gnoll comes into view. It is wielding a +0 flail.
The gnoll hits you with a +0 spear.
Things that are here:
a +0 club; a goblin corpse
Aiming: Freeze (safe; 4% risk of failure)
Press: ? - help, Q - select action Shift-Dir - straight line, f - gnoll
Aim: a gnoll, wielding a +0 spear You freeze the gnoll.
The gnoll is lightly wounded.
The gnoll closely misses you.
Aiming: Freeze (safe; 4% risk of failure)
Press: ? - help, Q - select action Shift-Dir - straight line, f/p - gnoll
Aim: a gnoll, wielding a +0 spear (lightly wounded)
You miscast Freeze.
You are very lightly contaminated with residual magic.
Nothing appears to happen.
The gnoll hits you with a +0 spear!
Aiming: Freeze (safe; 4% risk of failure)
Press: ? - help, Q - select action Shift-Dir - straight line, f/p - gnoll
Aim: a gnoll, wielding a +0 spear (lightly wounded)
You freeze the gnoll!
The gnoll is almost dead.
Your magical contamination has completely faded away.
The gnoll hits you with a +0 flail.
* * * LOW HITPOINT WARNING * * *
You see here 12 stones.
The gnoll hits you with a +0 flail.
You die...

.# #.#
#.# ##
#.# #.#
#####.#
#g#
...##.#
#.#
......#
###.##
##.##.#
#..#.#
#.##.#
#.#g##
#.##.#
#..g.#
#.##.#
####@#
#.##.#
#.#
#.##.#
#.#
##.##.#
#.#
......#
#.#
#..####
#<# #.##
#.# #)##
######.#
...#####
#......#


You could see 2 gnolls.

Vanquished Creatures
  An adder (D:2)
  A worm (D:2)
  2 endoplasms
  5 goblins
  3 hobgoblins
  5 jackals
  3 quokkas
  3 ball pythons
  3 bats
  4 kobolds
  8 rats
38 creatures vanquished.

Vanquished Creatures (others)
  4 toadstools (D:1)
4 creatures vanquished.

Grand Total: 42 creatures vanquished

Notes
Turn   | Place    | Note
-------+----------+-------------------------------------------
     0 | D:1      | Thatpatchoflichen the Kobold Ice Elementalist began the
                  | quest for the Orb.
     0 | D:1      | Reached XP level 1. HP: 10/10 MP: 3/3
   184 | D:1      | Found Ofovvos's Magic Scroll Boutique.
   494 | D:1      | Reached XP level 2. HP: 16/16 MP: 5/5
  1162 | D:1      | Found a faded altar of an unknown god.
  1445 | D:2      | Reached XP level 3. HP: 20/20 MP: 6/6
  1455 | D:2      | Found Ceurytte's Antique Weapon Shop.
  1579 | D:2      | Reached skill level 1 in Short Blades
  1615 | D:2      | Reached skill level 1 in Fighting
  2475 | D:2      | Reached XP level 4. HP: 23/25 MP: 4/7
  2674 | D:2      | Slain by a gnoll

Illustrated notes

Levels and vault maps discovered:
D:1:      ldierk_walled_garden_2, layout_basic, serial_shops, shop,
          hellmonk_ecumenical_altar_defaced_shrine
D:2:      layout_loops_ring, serial_shops, shop, nrook_loot_triangle

Skill      XL: |  1  2  3 |
---------------+----------+-----
Short Blades   | 1 |  1.2
Fighting       | 1 |  1.2
Dodging        | |  2.6
Stealth        | |  2.8
Spellcasting   | |  2.4
Ice Magic      | |  4.7

Action                   |  1- 3 |  4- 6 || total
-------------------------+-------+-------++-------
Melee: Dagger            |    72 |       ||    72
       Short sword       |    12 |     7 ||    19
 Cast: Freeze            |    20 |     2 ||    22
 Stab: Sleeping          |    16 |       ||    16
Armor: Robe              |    10 |       ||    10
       Leather armour    |       |     1 ||     1
Dodge: Dodged            |    62 |     6 ||    68
